 Dungeon Crawl Stone Soup version 0.21.1 (webtiles) character file.

2454 shakethe the Grappler (level 9, -15/82 HPs)
             Began as a Troll Monk on Feb 4, 2018.
             Was a Believer of Okawaru.
             Demolished by a two-headed ogre
             ... wielding a +0 dire flail
              (19 damage)
             ... on level 8 of the Dungeon.
             The game lasted 00:32:06 (6250 turns).

shakethe the Grappler (Troll Monk)                  Turns: 6250, Time: 00:32:07

Health: -15/82     AC:  8    Str: 26    XL:     9   Next: 25%
Magic:  4/8        EV: 13    Int:  6    God:    Okawaru [**....]
Gold:   537        SH:  0    Dex: 12    Spells: 8/8 levels left

rFire    . . .     SeeInvis +   w - +0 giant spiked club
rCold    . . .     Gourm    +   (shield currently unavailable)
rNeg     . . .     Faith    .   a - +0 robe
rPois    .         Spirit   .   u - +2 hat
rElec    .         Reflect  .   (no cloak)
rCorr    .         Harm     .   (gloves unavailable)
MR       +....                  (boots unavailable)
Stlth    +++.......             (no amulet)
HPRegen  0.63/turn              (no ring)
MPRegen  0.11/turn              (no ring)

@: heroism
A: large, unfitting armour, claws 3, rugged brown scales 1, see invisible, fast
metabolism 3, gourmand, magic resistance 1, regeneration 1, shaggy fur 1, strong
1, tough skin 2
a: Heroism, Renounce Religion


You were on level 8 of the Dungeon.
You worshipped Okawaru.
Okawaru was pleased with you.
You were not hungry.

You visited 2 branches of the dungeon, and saw 9 of its levels.

You collected 537 gold pieces.

Inventory:

Hand Weapons
 c - a +0 dagger of venom
 f - a +1 hunting sling of flaming
 v - a +0 giant club
 w - a +0 giant spiked club (weapon)
 x - a +2 mace of crushing
 F - a +3 dagger
Missiles
 B - 2 throwing nets (quivered)
Armour
 a - a +0 robe (worn)
 g - a +2 pair of gloves
 u - a +2 hat (worn)
 A - a +2 naga barding
Jewellery
 j - an uncursed ring of protection from fire {unknown}
 p - an uncursed amulet of magic regeneration {unknown}
Wands
 d - a wand of scattershot (7)
 s - a wand of acid (4)
 D - a wand of iceblast (8)
Scrolls
 h - 6 scrolls of teleportation
 m - 3 scrolls of identify
 r - 2 scrolls of remove curse
 y - a scroll of magic mapping
 z - a scroll of amnesia
Potions
 e - a potion of degeneration
 i - 4 potions of agility
 k - 2 potions of berserk rage
 l - a potion of brilliance {unknown}
 n - a potion of mutation
 o - a potion of magic {unknown}
 q - a potion of might {unknown}
 t - 2 potions of curing
 C - a potion of ambrosia {unknown}
 E - a potion of heal wounds {unknown}
Comestibles
 b - 11 rations


   Skills:
 - Level 2.4(7.4) Fighting
 + Level 8.3(13.3) Maces & Flails
 - Level 2.4(7.4) Dodging
 - Level 1.0(6.0) Stealth
 - Level 9.1(14.1) Unarmed Combat


You had 8 spell levels left.
You didn't know any spells.

Dungeon Overview and Level Annotations

Branches:
Dungeon (8/15)             Temple (1/1) D:7            Lair (0/6) D:8

Altars:
Dithmenos
Hepliaklqana
Kikubaaqudgha
Makhleb
Nemelex Xobeh
Okawaru
Trog
Uskayaw
Vehumet
Xom
Yredelemnul
Zin
The Shining One

Shops:
D:5 [   D:6 *   D:7 }


Innate Abilities, Weirdness & Mutations

You are too large for most types of armour.
You have claws for hands.
Your metabolism is lightning-fast.
You like to eat raw meat.
Your natural rate of healing is unusually fast.
You are covered in fur. (AC +1)
You have very tough skin. (AC +2)
You are partially covered in rugged brown scales. (AC +1, +3% HP)
You have supernaturally acute eyesight. (SInv)
You are resistant to hostile enchantments. (MR+)
Your muscles are strong. (Str +2)


Message History

The two-headed ogre closely misses you.
The two-headed ogre hits you with a giant club.
You hit the two-headed ogre.
The two-headed ogre is lightly wounded.
The worker ant misses you. The two-headed ogre barely misses you.
The two-headed ogre hits you with a giant club!
You bludgeon the worker ant!!
You kill the worker ant!
Okawaru accepts your kill.
The two-headed ogre closely misses you. x2
You see here a worker ant corpse.
The two-headed ogre hits you with a dire flail!
The two-headed ogre hits you with a giant club!!
* * * LOW HITPOINT WARNING * * *
You puncture the two-headed ogre!
The two-headed ogre is moderately wounded.
The two-headed ogre hits you with a dire flail!
* * * LOW HITPOINT WARNING * * *
The two-headed ogre hits you with a giant club!!
You die...

##########
#........# #####
#.#.####.# #...####
#.#O# #.####......#
#.#@####.##...[.#*#.
#.#†#..........## *#
#.#.#.##.##....# #
#........###...## ##
###......# ##...###.
##...### ##.#...#
#.....# #.#####
#.....# #.# #.....#
##+##


You could see a two-headed ogre.

Vanquished Creatures
  The ghost of letownia3 the Magician, an amateur DsWz (D:5)
  Sigmund (D:2)
  The ghost of letownia3 the Conjurer, an amateur DsWz (D:4)
  Menkaure (D:5)
  Duvessa (D:7)
  A sky beast (D:6)
  A hornet zombie (D:6)
  A black bear (D:7)
  An ice beast (D:5)
  A phantom (D:8)
  4 ogres
  A big kobold (D:8)
  A bullfrog (D:6)
  A scorpion (D:5)
  Dowan (D:7)
  A howler monkey (D:2)
  4 crimson imps
  2 hounds
  2 jellies
  An orc wizard (D:3)
  7 worker ants
  A hound zombie (D:6)
  4 gnolls (D:5)
  10 adders
  A shadow imp (D:7)
  3 worms
  3 dart slugs (D:1)
  5 leopard geckos
  6 orcs
  3 bats (D:1)
  5 giant cockroaches
  10 goblins
  3 hobgoblins
  4 jackals
  12 kobolds
  5 quokkas
  2 ball pythons (D:3)
  3 frilled lizards
  A leopard gecko skeleton (D:5)
  A quokka skeleton (D:7)
  4 rats
  A plant (D:7)
122 creatures vanquished.

Vanquished Creatures (others)
  A plant (D:6)
1 creature vanquished.

Grand Total: 123 creatures vanquished

Notes
Turn   | Place    | Note
-------+----------+-------------------------------------------
     0 | D:1      | shakethe the Troll Monk began the quest for the Orb.
     0 | D:1      | Reached XP level 1. HP: 22/22 MP: 0/0
    41 | D:1      | Reached XP level 2. HP: 27/29 MP: 1/1
   203 | D:1      | Reached skill level 4 in Unarmed Combat
   269 | D:1      | Reached XP level 3. HP: 36/36 MP: 2/2
   564 | D:2      | Found a glowing golden altar of the Shining One.
   573 | D:2      | Noticed Sigmund
   586 | D:2      | Killed Sigmund
   586 | D:2      | Reached skill level 6 in Unarmed Combat
   586 | D:2      | Reached XP level 4. HP: 28/44 MP: 3/3
   586 | D:2      | Reached XP level 5. HP: 31/50 MP: 4/4
   759 | D:2      | Found a sparkling altar of Nemelex Xobeh.
   768 | D:2      | Found a transporter.
   782 | D:2      | Found a transporter.
   822 | D:2      | Reached XP level 6. HP: 25/59 MP: 5/5
   938 | D:2      | Found a hazy altar of Hepliaklqana.
   940 | D:2      | Found a shimmering altar of Xom.
   940 | D:2      | Noticed a hungry ghost
   941 | D:2      | Noticed a hungry ghost
   941 | D:2      | Noticed a spectral ugly thing
  1370 | D:3      | Reached skill level 7 in Unarmed Combat
  2503 | D:4      | Noticed letownia3's ghost (amateur DsWz)
  2519 | D:4      | Killed letownia3's ghost
  2519 | D:4      | Reached skill level 8 in Unarmed Combat
  2519 | D:4      | Reached XP level 7. HP: 53/66 MP: 6/6
  3165 | D:5      | Entered Level 5 of the Dungeon
  3190 | D:5      | Found a shadowy altar of Dithmenos.
  3306 | D:5      | Found Zynylet's Antique Armour Emporium.
  3377 | D:5      | Reached skill level 9 in Unarmed Combat
  3430 | D:5      | Reached skill level 1 in Maces & Flails
  3637 | D:5      | Noticed Menkaure
  3647 | D:5      | Killed Menkaure
  3647 | D:5      | Reached XP level 8. HP: 50/74 MP: 7/7
  3686 | D:5      | Noticed letownia3's ghost (amateur DsWz)
  3834 | D:5      | Killed letownia3's ghost
  3834 | D:5      | Reached skill level 5 in Maces & Flails
  4466 | D:6      | Found Irhit's Assorted Antiques.
  4639 | D:6      | Gained mutation: You are resistant to hostile enchantments. (MR+) [potion of mutation]
  4639 | D:6      | Gained mutation: Your muscles are strong. (Str +2) [potion of mutation]
  4639 | D:6      | Gained mutation: You have supernaturally acute eyesight. (SInv) [potion of mutation]
  4639 | D:6      | Gained mutation: You are partially covered in rugged brown scales. (AC +1, +3% HP) [potion of mutation]
  5172 | D:7      | Noticed Duvessa
  5173 | D:7      | Noticed Dowan
  5178 | D:7      | Killed Dowan
  5185 | D:7      | Killed Duvessa
  5274 | D:7      | Reached XP level 9. HP: 49/82 MP: 8/8
  5303 | D:7      | Found a radiant altar of Vehumet.
  5327 | D:7      | Found Ruarr's Gadget Shop.
  5652 | D:7      | Found a staircase to the Ecumenical Temple.
  5720 | Temple   | Entered the Ecumenical Temple
  5745 | Temple   | Became a worshipper of Warmaster Okawaru
  5745 | Temple   | Reached * piety under Okawaru
  5745 | Temple   | Reached ** piety under Okawaru
  5813 | D:8      | Found a staircase to the Lair.
  5956 | D:8      | Noticed a two-headed ogre
  6250 | D:8      | HP: 4/82 [two-headed ogre/dire flail (13)]
  6250 | D:8      | Demolished by a two-headed ogre

Skill      XL: |  1  2  3  4  5  6  7  8  9 |
---------------+----------------------------+-----
Unarmed Combat | 4 6 8 9 |  9.1
Maces & Flails | 3 7 8 |  8.3
Fighting       | |  2.4
Dodging        | |  2.4
Stealth        | |  1.0

Action                   |  1- 3 |  4- 6 |  7- 9 || total
-------------------------+-------+-------+-------++-------
Melee: Unarmed           |    60 |   112 |    25 ||   197
       Punch             |       |     3 |     1 ||     4
       Giant spiked club |       |       |   244 ||   244
Invok: Heroism           |       |       |     3 ||     3
  Use: Scroll            |       |    13 |     7 ||    20
       Potion            |       |       |     2 ||     2
 Stab: Sleeping          |       |     1 |       ||     1
       Distracted        |       |       |     1 ||     1
  Eat: Chunk             |    10 |    16 |    14 ||    40
       Ration            |       |       |     5 ||     5
Armor: Robe              |    28 |    43 |   139 ||   210
Dodge: Dodged            |    35 |    70 |   220 ||   325
